 Dungeon Crawl Stone Soup version 0.26.1-10-gdfb7c7de75 (webtiles) character file.

Game seed: 8646901131651557066

32513 nightchill the Grappler (level 13, -6/108 HPs)
             Began as a Demonspawn Fighter on Apr 5, 2021.
             Was a Follower of Uskayaw.
             Mangled by an orc warrior
             ... wielding a +0 battleaxe
              (25 damage)
             ... on level 1 of the Orcish Mines.
             The game lasted 00:34:01 (17269 turns).

nightchill the Grappler (Demonspawn Fighter)       Turns: 17269, Time: 00:34:01

Health: -6/108     AC: 21    Str: 28    XL:     13   Next: 31%
Magic:  21/22      EV:  7    Int: 10    God:    Uskayaw [*.....]
Gold:   1429       SH: 15    Dex: 13    Spells: 12/12 levels left

rFire    + . .     SeeInvis .     - Unarmed
rCold    . . .     Faith    .   b - +0 kite shield
rNeg     . . .     Spirit   .   d - +5 scale mail of the Maze {Rampage rF+ Str+7 Stlth-}
rPois    .         Reflect  +   (helmet restricted)
rElec    .         Harm     .   L - +0 cloak
rCorr    .         Rampage  +   (no gloves)
Will     .....                  (boots unavailable)
Stlth    ..........             f - amulet of reflection
HPRegen  0.28/turn              u - +4 ring of protection
MPRegen  0.18/turn              N - +4 ring of protection

@: no status effects
A: claws 2, hooves 3, horns 1, powered by death 1
a: Renounce Religion, Stomp


You were on level 1 of the Orcish Mines.
You worshipped Uskayaw.
Uskayaw was pleased with you.
You visited 4 branches of the dungeon, and saw 16 of its levels.

You collected 1429 gold pieces.

Inventory:

Hand Weapons
 R - a +0 fustibalus
Missiles
 S - 5 datura-tipped darts (quivered)
Armour
 b - a +0 kite shield (worn)
 d - the +5 scale mail of the Maze (worn) {Rampage rF+ Str+7 Stlth-}
   (You found it on level 5 of the Dungeon)

   It affects your strength (+7).
   It protects you from fire.
   It bestows one free step when moving towards enemies.
   It makes you less stealthy.
 B - a +3 scale mail of willpower
 L - a +0 cloak (worn)
 O - a +1 ring mail of positive energy
Jewellery
 f - an amulet of reflection (around neck)
 u - a +4 ring of protection (left claw)
 z - an uncursed ring of ice
 N - a +4 ring of protection (right claw)
Wands
 a - a wand of acid (5)
 h - a wand of polymorph (19)
 m - a wand of disintegration (14)
 n - a wand of enslavement (11)
 w - a wand of flame (72)
 G - a wand of random effects (32)
 K - a wand of iceblast (11)
Scrolls
 e - 5 scrolls of teleportation
 g - 4 scrolls of blinking {unknown}
 k - 4 scrolls of remove curse
 l - 4 scrolls of magic mapping {unknown}
 s - 3 scrolls of random uselessness {unknown}
 v - 2 scrolls of enchant armour {unknown}
 y - a scroll of fear
 C - a scroll of enchant weapon {unknown}
 D - a scroll of noise {unknown}
 I - a scroll of immolation {unknown}
 M - a scroll of acquirement {unknown}
Potions
 c - 7 potions of brilliance
 i - 2 potions of haste
 j - 8 potions of curing
 p - 2 potions of cancellation
 q - 2 potions of resistance
 r - a potion of magic
 t - 2 potions of lignification
 x - a potion of attraction
 A - 2 potions of ambrosia
 E - a potion of berserk rage
 F - a potion of flight
Miscellaneous
 P - a phantom mirror (inert)


   Skills:
 + Level 12.0 Fighting
 + Level 6.0 Armour
 - Level 2.6 Shields
 * Level 14.6 Unarmed Combat
 + Level 12.0 Invocations


You had 12 spell levels left.
You didn't know any spells.
Your spell library contained the following spells:

 Spells                   Type           Power        Failure   Level
 Magic Dart               Conj           0%           98%         1
 Searing Ray              Conj           0%           99%         2
 Dazzling Flash           Conj/Hex       0%           100%        3
 Fulminant Prism          Conj/Hex       0%           100%        4
 Iskenderun's Mystic Bla  Conj/Tloc      0%           100%        4
 Irradiate                Conj/Tmut      0%           100%        5
 Hydra Form               Tmut           0%           100%        6
 Statue Form              Tmut/Erth      0%           100%        6
 Dragon Form              Tmut           0%           100%        7


Dungeon Overview and Level Annotations

Branches:
Dungeon (9/15)             Temple (1/1) D:6            Lair (5/6) D:8
  Snake (0/4) Lair:4          Orc (1/2) D:9
  Swamp: Lair:2-4    Shoals: Lair:2-4     Slime: Lair:5-6

Altars:
Ashenzari
Cheibriados
Dithmenos
Elyvilon
Fedhas
Hepliaklqana
Kikubaaqudgha
Makhleb
Nemelex Xobeh
Okawaru
Ru
Sif Muna
Uskayaw
Vehumet
Wu Jian
Xom
Yredelemnul
Zin
The Shining One

Shops:
D:8 [[:((   D:9 [

Annotations:
D:5 exclusion: downstairs
D:9 exclusion: ice statue
Lair:2 5 exclusions
Lair:4 exclusion: oklob plant


Innate Abilities, Weirdness & Mutations

You have very sharp fingernails.
You have hooves in place of feet.
You have a pair of small horns on your head.
You regenerate a little health from kills.


Message History

You throw a datura-tipped dart.
The datura-tipped dart hits the orc warrior.
The orc warrior flies into a frenzy!
The orc warrior barely misses your orc warrior.
The orc warrior hits you with a +0 battleaxe.
* * * LOW HITPOINT WARNING * * *
Your orc warrior closely misses the orc warrior.
The orc warrior misses your orc warrior.
You block the orc warrior's attack.
Your orc warrior hits the orc warrior with a +0 battleaxe!!
The orc warrior closely misses your orc warrior.
The orc warrior misses your orc warrior.
Your orc warrior hits the orc warrior with a +0 battleaxe.
Your orc warrior shimmers and vanishes!
The orc warrior shouts!
The orc warrior shouts!
The orc warrior barely misses you.
Found 19 gold pieces.
The orc warrior hits you with a +0 battleaxe!!
You die...

### ####.### ### ###
##.#....####.####.##
#.........#...##...####
#..............##.#.#.##
##............#........#
###.....#...#....#.#..###
###...o@..##.##.#.....##
##...#......#...........#
#....................#.##
###................##....#
###..............##..[....##
##.................##.)#...##
#......(.....#...$.##..)..#.#
#####............#.#.##...".....
##.###............. #.....#.....


You could see a neutral orc warrior (fast, strong, insane).

Vanquished Creatures
  Rupert (Lair:5)
  5 hydras
  2 two-headed ogres
  Nergalle (Orc:1)
  Pikel (D:6)
  An orc knight (Orc:1)
  8 elephants
  4 black mambas
  7 cane toads
  A torpor snail (Lair:2)
  3 rime drakes
  7 komodo dragons
  2 polar bears
  Prince Ribbit (D:8)
  3 blink frogs (Lair:1)
  3 slime creatures (D:8)
  Sigmund (D:6)
  A wyvern (Lair:3)
  A vampire (D:8)
  47 yaks
  2 basilisks
  3 nagas (Lair:4)
  9 water moccasins
  5 sky beasts
  3 ice beasts (D:7)
  7 orc warriors
  4 phantoms
  10 wolves (Lair:5)
  2 centaurs
  A lemure (D:5)
  14 bullfrogs
  2 scorpions
  5 killer bees (D:8)
  A howler monkey (D:4)
  A centaur zombie (D:6)
  A bullfrog zombie (D:9)
  3 quasits
  2 jellies
  6 orc priests
  2 hounds
  7 orc wizards
  3 bullfrog skeletons
  A centaur skeleton (D:4)
  9 worker ants
  A hound zombie (D:5)
  A howler monkey zombie (D:7)
  A howler monkey skeleton (D:5)
  5 adders
  A shadow imp (D:5)
  2 white imps
  An ooze (D:5)
  2 adder zombies
  An adder skeleton (D:8)
  3 worms
  2 dart slugs
  2 leopard geckos (D:2)
  52 orcs
  A ball python (D:2)
  9 giant cockroaches
  5 goblins
  8 hobgoblins
  5 jackals
  8 bats
  7 frilled lizards
  4 kobolds
  A leopard gecko skeleton (D:8)
  3 rats
328 creatures vanquished.

Vanquished Creatures (others)
  7 fungi
  43 plants
50 creatures vanquished.

Grand Total: 378 creatures vanquished

Notes
Turn   | Place    | Note
-------+----------+-------------------------------------------
     0 | D:1      | nightchill the Demonspawn Fighter began the quest for the
                  | Orb.
     0 | D:1      | Reached XP level 1. HP: 18/18 MP: 1/1
    36 | D:1      | Reached skill level 2 in Unarmed Combat
   141 | D:1      | Gained mutation: You have large cloven feet. [demonic
                  | ancestry]
   141 | D:1      | Reached XP level 2. HP: 22/24 MP: 2/2
  1274 | D:2      | Reached XP level 3. HP: 28/29 MP: 3/3
  1337 | D:2      | Found a basalt altar of Yredelemnul.
  1404 | D:2      | Reached skill level 3 in Unarmed Combat
  1774 | D:2      | Found a blossoming altar of Fedhas.
  1972 | D:3      | Gained mutation: You have sharp fingernails. [demonic
                  | ancestry]
  1972 | D:3      | Reached XP level 4. HP: 18/37 MP: 4/4
  2789 | D:3      | Reached skill level 4 in Unarmed Combat
  2845 | D:3      | Gained mutation: You have hoof-like feet. [demonic
                  | ancestry]
  2845 | D:3      | Reached XP level 5. HP: 41/42 MP: 5/5
  3773 | D:4      | Reached XP level 6. HP: 31/49 MP: 6/6
  3780 | D:4      | Reached skill level 5 in Unarmed Combat
  4083 | D:4      | Reached skill level 5 in Fighting
  4287 | D:4      | Found a radiant altar of Vehumet.
  4316 | D:4      | Found a broken altar of Ashenzari.
  4351 | D:4      | Reached XP level 7. HP: 37/56 MP: 7/7
  4500 | D:4      | Reached skill level 6 in Unarmed Combat
  4963 | D:4      | Found a shimmering blue altar of Sif Muna.
  5173 | D:5      | Entered Level 5 of the Dungeon
  5782 | D:5      | Reached skill level 7 in Unarmed Combat
  5975 | D:5      | Found a glowing silver altar of Zin.
  6092 | D:5      | Gained mutation: You have hooves in place of feet. [demonic
                  | ancestry]
  6092 | D:5      | Reached XP level 8. HP: 64/64 MP: 8/8
  6246 | D:5      | Got a masterwork scale mail
  6262 | D:5      | Identified the +5 scale mail of the Maze {Rampage rF+ Str+7
                  | Stlth-} (You found it on level 5 of the Dungeon)
  6477 | D:6      | Noticed Sigmund
  6789 | D:6      | Reached skill level 8 in Unarmed Combat
  7033 | D:6      | Noticed Pikel
  7044 | D:6      | Killed Pikel
  7187 | D:6      | Killed Sigmund
  7188 | D:6      | Reached skill level 9 in Unarmed Combat
  7188 | D:6      | Reached XP level 9. HP: 61/72 MP: 9/9
  7334 | D:6      | Found a staircase to the Ecumenical Temple.
  7348 | Temple   | Entered the Ecumenical Temple
  7377 | Temple   | Became a worshipper of Uskayaw the Reveller
  7458 | D:6      | Reached * piety under Uskayaw
  7722 | D:6      | Reached ** piety under Uskayaw
  7724 | D:6      | Reached skill level 1 in Invocations
  8080 | D:7      | Reached *** piety under Uskayaw
  8084 | D:7      | Reached **** piety under Uskayaw
  8093 | D:7      | Reached ***** piety under Uskayaw
  8265 | D:7      | Reached skill level 10 in Unarmed Combat
  8484 | D:7      | Found a glowing golden altar of the Shining One.
  8673 | D:8      | Found a sacrificial altar of Ru.
  8711 | D:8      | Found Ugudukhle's Book Shop.
  8826 | D:8      | Noticed a two-headed ogre
  8948 | D:8      | Found Ufysut's Armour Emporium.
  8950 | D:8      | Found Ace Ogio's Armour Shop.
  8987 | D:8      | Found a white marble altar of Elyvilon.
  9023 | D:8      | Found a snail-covered altar of Cheibriados.
  9026 | D:8      | Gained mutation: You have a pair of small horns on your
                  | head. [demonic ancestry]
  9026 | D:8      | Reached XP level 10. HP: 82/82 MP: 13/13
  9146 | D:8      | Found a shimmering altar of Xom.
  9147 | D:8      | Found a hazy altar of Hepliaklqana.
  9181 | D:8      | Reached skill level 5 in Invocations
  9213 | D:8      | Found Ynarail's Antique Weapon Shop.
  9245 | D:8      | Found an iron altar of Okawaru.
  9290 | D:8      | Noticed Prince Ribbit
  9298 | D:8      | Killed Prince Ribbit
  9502 | D:8      | Found Araep's Antique Weapon Boutique.
  9547 | D:8      | Killed a two-headed ogre
  9548 | D:8      | Reached skill level 11 in Unarmed Combat
  9814 | D:8      | Found a staircase to the Lair.
 10097 | D:9      | Noticed an ice statue
 10360 | D:9      | Found a glowing golden altar of the Shining One.
 10395 | D:9      | Found Lemuureo's Armour Shoppe.
 10437 | D:9      | Found a staircase to the Orcish Mines.
 10540 | Lair:1   | Entered Level 1 of the Lair of Beasts
 11240 | Lair:1   | Noticed a four-headed hydra
 11248 | Lair:1   | Killed a four-headed hydra
 11249 | Lair:1   | Reached skill level 12 in Unarmed Combat
 11249 | Lair:1   | Gained mutation: You regenerate a little health from kills.
                  | [demonic ancestry]
 11249 | Lair:1   | Reached XP level 11. HP: 81/90 MP: 16/16
 11799 | Lair:2   | Reached skill level 10 in Fighting
 11804 | Lair:2   | Reached ****** piety under Uskayaw
 12145 | Lair:2   | Reached skill level 13 in Unarmed Combat
 12984 | Lair:3   | Noticed a four-headed hydra
 12987 | Lair:3   | Killed a four-headed hydra
 13026 | Lair:3   | Gained mutation: You have very sharp fingernails. [demonic
                  | ancestry]
 13026 | Lair:3   | Reached XP level 12. HP: 65/99 MP: 19/19
 13028 | Lair:3   | Reached skill level 10 in Invocations
 13131 | Lair:3   | Noticed a four-headed hydra
 13150 | Lair:3   | Killed a four-headed hydra
 13732 | Lair:3   | Noticed a seven-headed hydra
 13755 | Lair:3   | Killed a seven-headed hydra
 14282 | Lair:3   | You fall into a shaft and drop 2 floors!
 14282 | Lair:5   | Noticed Rupert
 14299 | Lair:5   | Paralysed by Rupert for 2 turns
 14304 | Lair:5   | Killed Rupert
 14305 | Lair:5   | Reached skill level 14 in Unarmed Combat
 14365 | Lair:5   | Reached skill level 5 in Armour
 15141 | Lair:4   | Reached XP level 13. HP: 107/107 MP: 21/21
 15155 | Lair:4   | Found a gate leading to a gauntlet.
 15478 | Lair:4   | Found a staircase to the Snake Pit.
 16841 | Orc:1    | Entered Level 1 of the Orcish Mines
 17116 | Orc:1    | Noticed Nergalle
 17126 | Orc:1    | Killed Nergalle
 17241 | Orc:1    | Noticed an orc warlord
 17269 | Orc:1    | Mangled by an orc warrior

Illustrated notes

Levels and vault maps discovered:
D:1:      nicolae_arrival_memento_mori, layout_basic,
          kennysheep_decorative_pillar, minivault_26
D:2:      layout_loops_ring, lemuel_coloured_pillars_altar, fedhas_altar_1
D:3:      layout_basic
D:4:      minmay_general_purpose_star, layout_loops_ring, kennysheep_mini_moat,
          lemuel_round_altar, lemuel_doored_altar
D:5:      layout_basic, zin_treasury
D:6:      layout_basic, minmay_temple_entry_drinking_statues, uniq_sigmund,
          uniq_pikel
D:7:      layout_basic, nicolae_overflow_crystal_walls
D:8:      layout_basic, regret_index_temple_of_mockery, general_overflow_altar,
          elyvilon_altar_5, lemuel_round_altar, marbit_many_paths,
          david_lair_shrubbed, serial_shops, nicolae_shop_crystal, shop, shop,
          nicolae_shop_trees, shop, uniq_prince_ribbit1
D:9:      lemuel_ice_statue, layout_basic, orc_0_dummy, serial_shops, shop,
          serial_bayou_pond_a, tso_altar
Temple:   cyrus_temple_forest
Lair:1:   layout_roguey
Lair:2:   layout_layer_cave, minmay_shoals_entry_hut
Lair:3:   layout_layer_cave
Lair:4:   layout_layer_cave, guppyfry_snake_entry_garden,
          gauntlet_entry_generic, grunt_megastairs_1, minmay_lair_oklob_chamber
Lair:5:   layout_misc_corridors, chequers_serial_rivers_small_3, uniq_rupert
Orc:1:    layout_caves, minmay_orc_barracks, uniq_maurice, uniq_nergalle

Skill      XL: |  1  2  3  4  5  6  7  8  9 10 11 12 13 |
---------------+----------------------------------------+-----
Unarmed Combat | 2 3 4 5 7 9 10 12 13 14 | 14.6
Fighting       | 4 5 6 7 8 9 10 11 12 | 12.0
Invocations    | 4 7 9 11 12 | 12.0
Armour         | 3 5 6 |  6.0
Shields        | |  2.6

Action                   |  1- 3 |  4- 6 |  7- 9 | 10-12 | 13-15 || total
-------------------------+-------+-------+-------+-------+-------++-------
Melee: Unarmed           |   122 |   156 |   267 |   358 |   101 ||  1004
       Kick              |    19 |    47 |    91 |   143 |    36 ||   336
       Headbutt          |       |       |       |   107 |    21 ||   128
Throw: Dart              |       |       |       |       |     1 ||     1
Invok: Line Pass         |       |       |       |     2 |     1 ||     3
       Grand Finale      |       |       |       |     1 |       ||     1
Evoke: Wand              |       |       |       |       |     1 ||     1
       Phantom mirror    |       |       |       |       |     1 ||     1
  Use: Potion            |       |     1 |     2 |     1 |       ||     4
       Scroll            |       |       |    12 |     4 |     3 ||    19
 Stab: Distracted        |       |     1 |       |       |       ||     1
       Paralysed         |       |       |     2 |    32 |    15 ||    49
Armor: Scale mail        |    45 |     7 |    48 |   116 |    27 ||   243
       Ring mail         |       |    24 |    16 |       |       ||    40
Dodge: Dodged            |    35 |    28 |    40 |    66 |    19 ||   188
Block: Kite shield       |    47 |    41 |   113 |   212 |    52 ||   465
       Reflection        |       |       |     1 |       |     3 ||     4
